 Dungeon Crawl Stone Soup version 0.17.1-1-g73c8601 (webtiles) character file.

72 Goblin1989 the Sneak (level 4, -3/23 HPs)
             Began as a Vine Stalker Assassin on Jan 9, 2016.
             Was an Initiate of Gozag.
             Slain by a gnoll
             ... wielding a +0 whip
              (6 damage)
             ... on level 2 of the Dungeon.
             The game lasted 00:03:39 (1117 turns).

Goblin1989 the Sneak (Vine Stalker Assassin)        Turns: 1117, Time: 00:03:40

Health: -3/23      AC:  4    Str: 13    XL:     4   Next: 26%
Magic:  0/5        EV: 11    Int: 12    God:    Gozag
Gold:   140        SH:  0    Dex: 16    Spells: 0 memorised, 3 levels left

rFire  . . .     SeeInvis .     a - +2 dagger
rCold  . . .     Clarity  .     c - +0 robe
rNeg   . . .     SustAt   .     (no shield)
rPois  .         Gourm    .     n - +0 helmet
rElec  .         Spirit   +     d - +0 cloak
rCorr  .         Warding  .     (no gloves)
rMut   .         Stasis   .     (no boots)
MR     .....                    (no amulet)
Stlth  +++.......               (no ring)
                                (no ring)

@: not resistant to hostile enchantments, fairly stealthy
A: fangs 2, regeneration 1, magic shield, antimagic bite, no device heal 3, rot
immunity
a: Potion Petition, Call Merchant, Bribe Branch, Renounce Religion


You were on level 2 of the Dungeon.
You worshipped Gozag.
Gozag was noncommittal.
You were hungry.

You visited 1 branch of the dungeon, and saw 2 of its levels.

You collected 161 gold pieces.
You paid 21 gold pieces to Gozag.

Inventory:

Hand Weapons
 a - a +2 dagger (weapon)
 b - a +0 blowgun
Missiles
 e - 8 poisoned needles
 f - 2 curare-tipped needles
 r - 6 steel javelins (quivered)
Armour
 c - a +0 robe (worn)
 d - a +0 cloak (worn)
 n - a +0 helmet (worn)
Jewellery
 l - an uncursed amulet of regeneration {unknown}
Scrolls
 j - a scroll of fog {unknown}
 k - 2 scrolls of blinking {unknown}
 m - a scroll of recharging {unknown}
Potions
 h - 2 potions of degeneration {unknown}
 i - a potion of lignification {unknown}
 p - 2 potions of curing {unknown}
Comestibles
 g - a bread ration
 o - a royal jelly
 q - a meat ration


   Skills:
 - Level 1.7 Fighting
 * Level 3.2 Short Blades
 - Level 1.7 Throwing
 - Level 0.7 Dodging
 + Level 5.8 Stealth


You had 3 spell levels left.
You didn't know any spells.

Dungeon Overview and Level Annotations

Branches:
Dungeon (2/15)

Altars:
Gozag
Nemelex Xobeh


Innate Abilities, Weirdness & Mutations

You have extremely sharp teeth.
Your natural rate of healing is unusually fast.
When hurt, damage is shared between your health and your magic reserves.
Your bite disrupts and absorbs the magic of your enemies.
Potions and wands cannot restore your health.
You are immune to rotting.


Message History

The gnoll is lightly wounded.
The gnoll hits you with a whip!
You barely miss the gnoll. You bite the gnoll, but do no damage.
The gnoll is lightly wounded.
You completely miss the gnoll. You bite the gnoll, but do no damage.
The gnoll is lightly wounded.
The gnoll hits you with a whip.
You hit the gnoll.
The gnoll is lightly wounded.
The gnoll hits you with a whip!
You hit the gnoll.
The gnoll is heavily wounded.
The gnoll hits you with a whip.
* * * LOW HITPOINT WARNING * * *
You hit the gnoll.
The gnoll is heavily wounded.
The gnoll is no longer distracted by gold.
The gnoll hits you with a whip!
You die...
Your body crumbles into a pile of gold.

#.######)#
#........#
########## ###
.... ....
############..#
#......@g.g$.#
#.##########..#
#.# .... #.#
.?.. ## #.# ###
.# #.# .# #.#
.# #.#
.#########.#


You could see 2 gnolls.

Vanquished Creatures
  A gnoll (D:2)
  An adder (D:2)
  A giant gecko (D:1)
  5 giant cockroaches
  5 goblins
  9 hobgoblins
  8 jackals (D:1)
  3 bats (D:2)
  A giant newt (D:2)
  8 kobolds
  5 rats (D:1)
47 creatures vanquished.

Notes
Turn   | Place    | Note
--------------------------------------------------------------
     0 | D:1      | Goblin1989 the Vine Stalker Assassin began the quest for the Orb.
     0 | D:1      | Reached XP level 1. HP: 11/11 MP: 2/2
   155 | D:1      | Reached skill level 5 in Stealth
   220 | D:1      | Reached XP level 2. HP: 13/15 MP: 3/3
   374 | D:1      | Reached XP level 3. HP: 18/18 MP: 4/4
   776 | D:2      | Found an opulent altar of Gozag.
   777 | D:2      | Found a sparkling altar of Nemelex Xobeh.
   794 | D:2      | Became a worshipper of Gozag Ym Sagoz the Greedy
  1000 | D:2      | Reached XP level 4. HP: 23/23 MP: 5/5
  1117 | D:2      | Slain by a gnoll

Action                   |  1- 3 |  4- 6 || total
-------------------------+-------+-------++-------
Melee: Dagger            |   109 |    18 ||   127
 Stab: Sleeping          |     6 |       ||     6
       Distracted        |     1 |       ||     1
